 Dungeon Crawl Stone Soup version 0.28.0-53-g5a82cb258f (webtiles) character file.

Game seed: 10324969546516535713

88 issech the Skirmisher (level 4, 0/40 HPs)
             Began as a Minotaur Monk on June 25, 2022.
             Slain by Sigmund
             ... wielding a +0 scythe
              (7 damage)
             ... on level 2 of the Dungeon.
             The game lasted 00:03:48 (1839 turns).

issech the Skirmisher (Minotaur Monk)               Turns: 1839, Time: 00:03:48

Health: 0/40       AC:  8    Str: 16    XL:     4   Next: 30%
Magic:  3/3        EV:  3    Int:  7    God:
Gold:   41         SH:  0    Dex: 14    Spells: 3/3 levels left

rFire   + . .      SeeInvis .   h - +4 dagger
rCold   x . .      Faith    .   i - +0 tower shield
rNeg    . . .      Spirit   .   n - +0 chain mail
rPois   .          Reflect  .   (helmet restricted)
rElec   .          Harm     .   (no cloak)
rCorr   .          Rampage  .   (no gloves)
Will    .....                   (no boots)
Stlth   ..........              (no amulet)
HPRegen 0.13/turn               f - ring of fire
MPRegen 0.08/turn               (no ring)

@: confused
A: horns 2, retaliatory headbutt
a: no special abilities


You were on level 2 of the Dungeon.
You visited 1 branch of the dungeon, and saw 3 of its levels.

You collected 41 gold pieces.

Inventory:

Hand Weapons
 a - a +0 hand axe
 h - a +4 dagger (weapon)
 j - a +0 flail
Missiles
 e - 60 stones (quivered)
 g - 8 bolts
Armour
 i - a +0 tower shield (worn)
 n - a +0 chain mail (worn)
Jewellery
 f - a ring of fire (left hand)
Scrolls
 k - a scroll of teleportation {unknown}
 m - a scroll of fear {unknown}
Potions
 c - a potion of haste
 l - 2 potions of cancellation {unknown}


   Skills:
 + Level 4.3 Fighting
 + Level 0.9 Short Blades
 + Level 4.2 Axes
 + Level 2.0 Armour
 + Level 4.0 Dodging
 + Level 1.8 Stealth
 + Level 0.2 Shields


You had 3 spell levels left.
You didn't know any spells.
Your spell library was empty.

Dungeon Overview and Level Annotations

Branches:
Dungeon (3/15)

Altars:

Annotations:
D:2 Sigmund


Innate Abilities, Weirdness & Mutations

You have a pair of horns on your head.
You reflexively headbutt those who attack you in melee.


Message History

You start putting on your armour.
You continue putting on your +0 chain mail. x5
You finish putting on your +0 chain mail.
You drop a +0 robe.
You drop a +0 leather armour.
Sigmund the Dreaded comes into view.
He is wielding a +0 scythe.
Sigmund shouts!
You throw a stone.
The stone hits Sigmund but does no damage.
You throw a stone.
The stone hits Sigmund but does no damage.
Sigmund casts a spell at you.
The magic dart hits you but does no damage.
You block Sigmund's attack.
You hit Sigmund.
Sigmund is lightly wounded.
Sigmund hits you with a +0 scythe!
You hit Sigmund. You headbutt Sigmund!
Sigmund is heavily wounded.
You closely miss Sigmund. You headbutt Sigmund!
Sigmund is severely wounded.
Sigmund drinks a potion.
Sigmund seems to speed up.
You block Sigmund's attack.
You hit Sigmund.
Sigmund is severely wounded.
You block Sigmund's attack.
You puncture Sigmund! Your headbutt misses Sigmund.
Sigmund is almost dead.
Sigmund screams, "Don't try to resist!"
Sigmund casts a spell at you.
You are confused.
Sigmund hits you with a +0 scythe.
You bump into the rock wall.
Sigmund hits you with a +0 scythe!
You bump into the rock wall.
Sigmund hits you with a +0 scythe!
Sigmund casts a spell.
Sigmund flickers and vanishes!
Deactivating autopickup; reactivate with Ctrl-A.
You bump into the rock wall.
Something hits you!
* * * LOW HITPOINT WARNING * * *
Something hits you!
You die...

#.....# ....
#######†....# ....
............+
#######.....# #.....#
#.....# ......#
##################
....((.{.@......#
###############.# #.#
#.#
######################.#
...............[[...##.#
###################.##.#
#.##.# #.##.#


There were no monsters in sight!

Vanquished Creatures
  A gnoll (D:1)
  2 adders
  3 worms
  5 ball pythons
  2 endoplasms (D:1)
  3 giant cockroaches
  7 goblins
  5 hobgoblins
  4 jackals (D:1)
  5 kobolds
  5 bats
  2 frilled lizards
  5 rats
49 creatures vanquished.

Notes
Turn   | Place    | Note
-------+----------+-------------------------------------------
     0 | D:1      | issech the Minotaur Monk began the quest for the Orb.
     0 | D:1      | Reached XP level 1. HP: 19/19 MP: 0/0
   238 | D:1      | Found a faded altar of an unknown god.
   247 | D:1      | Reached XP level 2. HP: 24/27 MP: 1/1
   661 | D:1      | Reached XP level 3. HP: 32/33 MP: 2/2
   667 | D:1      | Reached skill level 1 in Armour
  1290 | D:3      | Reached XP level 4. HP: 10/40 MP: 3/3
  1825 | D:2      | Noticed Sigmund
  1839 | D:2      | Slain by Sigmund

Illustrated notes

Levels and vault maps discovered:
D:1:      minmay_arrival_arboretum_small, layout_loops_cross,
          hellmonk_ecumenical_altar_dog_temple, columned_hall_lemuel
D:2:      layout_basic, uniq_sigmund, uniq_terence
D:3:      cheibrodos_old_hovel, layout_basic

Skill      XL: |  1  2  3  4 |
---------------+-------------+-----
Fighting       | 4 |  4.3
Axes           | 4 |  4.2
Armour         | 1 2 |  2.0
Dodging        | 4 |  4.0
Short Blades   | |  0.9
Stealth        | |  1.8
Shields        | |  0.2

Action                   |  1- 3 |  4- 6 || total
-------------------------+-------+-------++-------
Melee: Hand axe          |    28 |       ||    28
       Headbutt          |     7 |     7 ||    14
       Dagger            |    37 |    41 ||    78
Throw: Stone             |     8 |     2 ||    10
 Stab: Sleeping          |     3 |     3 ||     6
Armor: Leather armour    |    21 |     4 ||    25
       Chain mail        |       |     1 ||     1
Dodge: Dodged            |    30 |     9 ||    39
Block: Tower shield      |    18 |    19 ||    37
